 Dungeon Crawl Stone Soup version 0.17.1-1-g73c8601 (webtiles) character file.

372936 gooby the Slayer (level 21, -3/232 HPs)
             Began as a Minotaur Berserker on Jan 2, 2016.
             Was a High Priest of Trog.
             Slain by an acid blob (18 damage)
             ... created by the royal jelly
             ... on level 6 of the Pits of Slime on Jan 5, 2016.
             The game lasted 08:28:39 (55553 turns).

gooby the Slayer (Minotaur Berserker)              Turns: 55553, Time: 08:28:39

Health: -3/232     AC: 28    Str: 30      XL:     21   Next: 73%
Magic:  15/15      EV: 17    Int:  0      God:    Trog [*****.]
Gold:   2359       SH: 19    Dex: 15 (16) Spells: 0 memorised, 20 levels left

rFire  + + .     SeeInvis .     L - +6 morningstar "Neskeon" {elec, rC++}
rCold  + + +     Rnd*Rage +     J - +5 gold dragon armour
rNeg   . . .     SustAt   .     Y - +2 shield {reflect}
rPois  +         Gourm    .     f - +0 hat {MR+}
rElec  .         Spirit   .     j - +2 cloak "Tyng" {Str+3}
rCorr  +         Warding  .     z - +0 pair of gloves {Dex+3}
rMut   .         Stasis   .     V - +1 pair of boots
MR     +++++                    Z - amulet of resist corrosion
Stlth  ..........               y - ring of protection from magic
                                o - +2 ring of dexterity

@: corroded equipment, very slightly contaminated, regenerating, slowed, lost
intelligence, invisible, very slow, almost entirely resistant to hostile
enchantments, extremely unstealthy
A: retaliatory headbutt, horns 2, talons 1, repulsion field 1, berserk 1, blurry
vision 2, clumsy 2, deterioration 1, dopey 2, fire resistance 1, low mp 2, magic
resistance 1, robust 1, screaming 2, slow regeneration 1, subdued magic 3,
MP-powered wands
a: Berserk, Trog's Hand, Brothers in Arms, Burn Spellbooks, Renounce Religion
}: 2/15 runes: serpentine, barnacled


You were on level 6 of the Pits of Slime.
You worshipped Trog.
Trog was extremely pleased with you.
You were hungry.

You visited 8 branches of the dungeon, and saw 42 of its levels.
You visited the Abyss 1 time.
You also visited: Bailey and Ice Cave.

You collected 3371 gold pieces.
You spent 1012 gold pieces at shops.

Inventory:

Hand Weapons
 m - a +4 antimagic great mace
 s - a +3 antimagic eveningstar
 L - the +6 morningstar "Neskeon" (weapon) {elec, rC++}
   (Trog gifted it to you on level 10 of the Dungeon)

   Occasionally, upon striking a foe, it will discharge some electrical energy
   and cause terrible harm.
   It greatly protects you from cold.
 U - a +1 shortbow of velocity
Missiles
 v - 89 arrows of frost (quivered)
Armour
 f - a +0 hat of magic resistance (worn)
 j - the +2 cloak "Tyng" (worn) {Str+3}
   (You acquired it on level 2 of the Depths)

   It affects your strength (+3).
 x - a +2 cloak of invisibility
 z - a +0 pair of gloves of dexterity (worn)
 J - a +5 gold dragon armour (worn)
 T - the +0 cloak "Siptymia" {SInv}
   (You found it on level 3 of the Depths)

   It lets you see invisible.
 V - a +1 pair of boots (worn)
 Y - a +2 shield of reflection (worn)
Jewellery
 a - an uncursed ring of sustain attributes
 g - an uncursed ring of flight
 i - an uncursed amulet of resist mutation
 n - an uncursed ring of protection from magic
 o - a +2 ring of dexterity (left hand)
 y - a ring of protection from magic (right hand)
 I - an uncursed amulet of the gourmand
 M - the amulet of Moxeyr {Regen+ Dex+3}
   (You found it on level 8 of the Lair of Beasts)

   [amulet of regeneration]

   It affects your dexterity (+3).
   It increases your rate of regeneration.
 R - an uncursed ring of protection from fire
 S - a +2 ring of dexterity
 W - an uncursed ring of poison resistance
 Z - an amulet of resist corrosion (around neck)
Wands
 k - a wand of teleportation (6)
 w - a wand of digging (10)
Scrolls
 d - 4 scrolls of remove curse
 p - 6 scrolls of enchant weapon
 q - a scroll of holy word
 E - 5 scrolls of recharging
 N - 6 scrolls of teleportation
 O - a scroll of brand weapon
 Q - 7 scrolls of magic mapping
 X - 6 scrolls of fear
Potions
 e - 2 potions of heal wounds
 l - 7 potions of curing
 r - 2 potions of might
 t - 5 potions of lignification
 u - a potion of cancellation
 A - 3 potions of invisibility
 D - 5 potions of agility
 F - 3 potions of resistance
 G - 2 potions of cure mutation
 H - 4 potions of flight
 K - 2 potions of haste
Miscellaneous
 b - a crystal ball of energy
 h - a phantom mirror
Comestibles
 c - 17 bread rations
 B - 10 royal jellies
 C - 20 meat rations


   Skills:
 * Level 23.3 Fighting
 - Level 17.8 Maces & Flails
 * Level 19.8 Armour
 * Level 15.7 Dodging
 - Level 2.2 Stealth
 + Level 19.9 Shields
 + Level 7.4 Unarmed Combat


You had 20 spell levels left.
You didn't know any spells.

Dungeon Overview and Level Annotations

Branches:
Dungeon (15/15)            Temple (1/1) D:4            Lair (8/8) D:11
 Shoals (4/4) Lair:5        Snake (4/4) Lair:4        Slime (6/6) Lair:6
 Depths (3/5) D:15           Hell (1/1)
    Orc: D:9-12      Vaults: D:13-14        Dis: Hell:1         Geh: Hell:1
    Coc: Hell:1         Tar: Hell:1

Altars:
Cheibriados
Dithmenos
Elyvilon
Fedhas
Kikubaaqudgha
Makhleb
Nemelex Xobeh
Okawaru
Qazlal
Ru
Sif Muna
Trog
Vehumet
Xom
Yredelemnul
Zin
The Shining One
Jiyva

Shops:
D:12 (   D:14 [   Shoals:2 }[(*   Shoals:4 *   Depths:2 [

Portals:
Hell: Lair:8 Depths:1 Depths:2 Depths:3
Abyss: Depths:3
Pandemonium: Depths:1 Depths:3

Annotations:
Slime:6 Royal Jelly
Hell Geryon


Innate Abilities, Weirdness & Mutations

You reflexively headbutt those who attack you in melee.
You have a pair of horns on your head.
You have sharp toenails.
You are surrounded by a mild repulsion field (EV +2).
You tend to lose your temper in combat.
Scrolls take you longer to read.
You are very clumsy. (Dex -4)
Your body sometimes deteriorates upon taking damage.
You are very dopey. (Int -4)
Your flesh is heat resistant.
Your magical capacity is very low (-20% MP).
You are resistant to hostile enchantments.
You are robust (+10% HP).
You sometimes yell uncontrollably at your foes.
You regenerate slowly when monsters are visible.
Your spells are much easier to cast, but much less powerful.
You expend magic power (3 MP) to strengthen your wands.


Message History

The acid blob spits acid at you.
Your +2 shield of reflection reflects the splash of acid!
The splash of acid hits the acid blob.
The acid blob completely resists.
The azure jelly misses you. The azure jelly completely misses you.
The azure jelly hits you!
* * * LOW HITPOINT WARNING * * *
The azure jelly hits you but does no damage.
You block the acid blob's attack.
You are very lightly contaminated with residual magic.
Drink which item? (? for menu, Esc to quit)
You feel much better. The acid blob hits you!!
* * * LOW HITPOINT WARNING * * *
You are splashed with acid!
The acid burns!
You resist.
* * * LOW HITPOINT WARNING * * *
The azure jelly closely misses you. You block the azure jelly's attack.
The azure jelly hits you but does no damage. x2
The acid blob hits you but does no damage.
The azure jelly hits you but does no damage. x3
You block the azure jelly's attack. The acid blob hits you!!
You die...

##....................########.
#....................# #.
#....................# #.
#....................## ##
##....................# #.
#....................## #.
#.....................## #.
###........JJJ.........######
#.........@JJ..........##..
#.........<..J...............
#......##.....................
###.### ###...................
#. #................... #
####................
#.................
##.................
##..................


You could see the royal jelly, 3 acid blobs and 2 azure jellies.

Vanquished Creatures
  Mara (Shoals:3)
  A caustic shrike (Depths:2)
  The ghost of Wutend the Slayer, an adept MfGl of Yredelemnul (Slime:6)
  A lich (Depths:2)
  12 acid blobs
  An octopode crusher (Depths:2)
  A sphinx (Depths:1)
  A tengu reaver (Depths:3)
  15 greater nagas
  Ilsuiw (Shoals:4)
  Wiglaf (Depths:3)
  5 frost giants
  2 fire giants (Depths:2)
  Donald (Snake:4)
  6 azure jellies
  A cacodemon (Depths:3)
  Aizul (Snake:4)
  Louise (Snake:4)
  3 orc warlords
  A juggernaut zombie (Depths:1)
  A balrug (Depths:1)
  The ghost of karlm the Bludgeoner, a journeyman OgHu of Okawaru (Lair:3)
  A caustic shrike skeleton (Depths:1)
  6 stone giants
  A very ugly thing (Depths:1)
  A lorocyproca (Lair:8)
  A dire elephant (Lair:8)
  4 ettins
  2 vampire knights
  The ghost of Flanowski the Fighter, a journeyman MiFi of Okawaru (Lair:1)
  6 merfolk javelineers
  A death ooze (Slime:6)
  3 fire dragons
  6 great orbs of eyes
  2 blizzard demons (IceCv)
  8 merfolk impalers
  3 jiangshi (Depths:2)
  An entropy weaver (Depths:1)
  5 yaktaur captains
  A rakshasa (Depths:1)
  12 naga warriors
  3 ogre magi
  2 spriggan air magi
  6 hydras
  4 ice dragons
  2 merfolk avatars (Shoals:4)
  64 slime creatures
  15 anacondas
  A hell beast (Depths:2)
  A monstrous demonspawn (Depths:3)
  2 catoblepae
  Erica (D:10)
  7 centaur warriors
  The ghost of Flanowski the Protected, a novice MiFi of Makhleb (D:10)
  3 alligator snapping turtles
  5 tengu warriors
  A satyr (Shoals:2)
  A deep troll earth mage (Depths:2)
  3 deep troll shamans (Depths:3)
  2 merfolk aquamancers (Shoals:4)
  A death yak (Lair:6)
  2 spriggan berserkers
  2 vampire magi
  7 ice devils
  14 naga sharpshooters
  A sun demon (Lair:8)
  2 salamander mystics
  A spatial maelstrom (Abyss:1)
  A soul eater (Lair:8)
  10 shock serpents
  8 skeletal warriors
  4 deep elf knights
  21 sea snakes
  A flayed ghost (Depths:2)
  An iron troll (Depths:3)
  3 giant orange brains
  10 deep trolls
  5 unseen horrors
  8 naga ritualists
  2 wizards
  7 hill giants
  18 harpies
  Pikel (D:9)
  A tengu zombie (Depths:1)
  A lindwurm (shapeshifter) (Depths:2)
  9 orc knights
  2 cyclopes
  3 necromancers
  An oklob plant (Lair:7)
  A faun (Shoals:3)
  9 mana vipers
  10 griffons
  A worldbinder (Abyss:1)
  A mana viper (shapeshifter) (Depths:2)
  12 ugly things
  4 manticores
  9 salamanders
  A rust devil (Depths:2)
  5 shining eyes
  2 smoke demons (Lair:8)
  Maurice (D:8)
  8 sirens
  19 naga magi
  A fire giant zombie (Depths:1)
  24 elephants
  3 eyes of devastation
  2 ice statues (IceCv)
  3 torpor snails
  7 water nymphs (Shoals:4)
  14 guardian serpents
  49 black mambas
  8 spiny frogs
  16 komodo dragons
  A gargoyle (D:13)
  5 orange demons (Lair:8)
  5 fire drakes
  10 yaktaurs
  6 kobold demonologists
  A hellwing (Lair:8)
  2 freezing wraiths (D:15)
  10 blue devils
  2 red devils
  A polar bear (Lair:7)
  A queen bee (Lair:6)
  7 tengu conjurers
  3 trolls
  A queen bee (shapeshifter) (Depths:2)
  29 merfolk
  A blink frog (shapeshifter) (Depths:3)
  A fire dragon zombie (Depths:1)
  2 wind drakes (Shoals:4)
  Prince Ribbit (D:8)
  A raiju (Abyss:1)
  8 blink frogs
  5 snapping turtles
  6 two-headed ogres
  2 boulder beetles
  A large abomination (Abyss:1)
  A ynoxinul (Abyss:1)
  2 shadows (D:13)
  A redback (Depths:1)
  3 spriggans
  9 water elementals
  A vampire (D:12)
  3 basilisks
  A fire elemental (Hell)
  A fire bat (Abyss:1)
  15 hippogriffs
  6 deep elf magi
  A hungry ghost (D:14)
  Eustachio (D:6)
  9 golden eyes
  A human (shapeshifter) (Depths:3)
  8 vampire mosquitoes
  3 wyverns
  Grum (D:10)
  62 yaks
  2 spriggan simulacra
  2 neqoxecs (Abyss:1)
  5 wraiths
  21 wolves
  A mottled dragon (D:15)
  2 spatial vortices (Abyss:1)
  An insubstantial wisp (Abyss:1)
  The ghost of CcS the Chiller, an amateur DEIE (D:4)
  4 hell hounds
  49 nagas
  17 water moccasins
  6 porcupines
  A necrophage (D:6)
  5 black bears
  8 orc warriors
  A fire dragon simulacrum (Hell)
  2 phantoms
  9 ice beasts
  2 sky beasts
  4 eyes of draining
  13 centaurs
  An ice dragon simulacrum (Depths:1)
  An eye of draining (shapeshifter) (Depths:2)
  3 wasps
  17 ogres
  12 crocodiles
  15 giant frogs
  Blork the orc (D:6)
  6 big kobolds
  47 killer bees
  A water moccasin skeleton (D:8)
  4 scorpions
  A wyvern skeleton (D:9)
  The ghost of gooby the Skirmisher, a weakling MiBe of Trog (D:3)
  12 electric eels
  5 wights
  3 small abominations (Abyss:1)
  14 orc priests
  3 centaur zombies
  10 crimson imps
  4 starcursed masses (Abyss:1)
  A quasit (D:9)
  5 centaur skeletons
  8 hounds
  21 jellies
  2 giant frog zombies
  4 giant frog skeletons
  14 orc wizards
  8 iguanas
  11 worker ants
  19 sheep
  A hound skeleton (D:4)
  A gnoll (Bailey)
  23 adders
  72 river rats
  5 shadow imps
  20 white imps
  7 ufetubi (IceCv)
  An ooze (D:6)
  An adder zombie (D:7)
  An adder skeleton (D:9)
  4 worms
  3 giant geckos
  60 orcs
  6 ball pythons
  10 bats
  7 giant cockroaches
  7 goblins
  12 hobgoblins
  10 jackals
  4 quokkas
  3 giant newts
  3 goblin skeletons (D:4)
  A goblin zombie (D:4)
  2 hobgoblin zombies (D:4)
  27 kobolds
  A kobold skeleton (D:4)
  4 kobold zombies (D:4)
  3 orc skeletons (D:4)
  An orc zombie (D:4)
  2 quokka skeletons
  7 rats
  A bush (Lair:7)
  A fungus (Lair:8)
  12 plants
1579 creatures vanquished.

Vanquished Creatures (collateral kills)
  A golden dragon (Depths:3)
  A lorocyproca (Hell)
  A merfolk javelineer (Shoals:4)
  A centaur warrior (D:13)
  A sun demon (Lair:8)
  A siren (Shoals:4)
  A red devil (Hell)
  A merfolk (Shoals:4)
  A slime creature (D:12)
9 creatures vanquished.

Vanquished Creatures (others)
  Vashnia (Snake:2)
  A greater naga (Snake:4)
  An ettin (D:15)
  A merfolk javelineer (Shoals:4)
  A yaktaur captain (Depths:3)
  3 naga sharpshooters
  A ball lightning (Snake:4)
  2 cyclopes
  A naga mage (Snake:4)
  6 yaktaurs
  A merfolk (Shoals:4)
  A wolf (Lair:5)
  A slave (D:9)
  4 centaurs
  A scorpion (D:9)
  2 ufetubi (IceCv)
  2 white imps (IceCv)
  An adder zombie (D:9)
  A kobold (D:11)
  20 fungi
  20 plants
  8 starspawn tentacles (Abyss:1)
  23 starspawn tentacle segments (Abyss:1)
103 creatures vanquished.

Grand Total: 1691 creatures vanquished

Notes
Turn   | Place    | Note
--------------------------------------------------------------
     0 | D:1      | gooby the Minotaur Berserker began the quest for the Orb.
     0 | D:1      | Reached XP level 1. HP: 19/19 MP: 0/0
   301 | D:1      | Reached skill level 4 in Fighting
   301 | D:1      | Reached XP level 2. HP: 24/27 MP: 1/1
   746 | D:1      | You fall through a shaft!
   762 | D:2      | Reached ** piety under Trog
   918 | D:1      | Reached XP level 3. HP: 33/33 MP: 2/2
  1941 | D:3      | Reached XP level 4. HP: 33/40 MP: 3/3
  2009 | D:3      | Reached XP level 5. HP: 41/47 MP: 4/4
  2261 | D:3      | Noticed gooby's ghost (weakling MiBe)
  2270 | D:3      | Killed gooby's ghost
  2270 | D:3      | Reached skill level 5 in Fighting
  2270 | D:3      | Reached skill level 5 in Maces & Flails
  2270 | D:3      | Reached skill level 1 in Stealth
  2534 | D:3      | Reached *** piety under Trog
  2606 | D:3      | Found a snail-covered altar of Cheibriados.
  2649 | D:3      | Reached XP level 6. HP: 52/56 MP: 5/5
  2670 | D:3      | Reached skill level 1 in Shields
  3121 | D:4      | Noticed CcS's ghost (amateur DEIE)
  3134 | D:4      | Killed CcS's ghost
  3311 | D:4      | Reached XP level 7. HP: 37/61 MP: 6/6
  3655 | D:4      | Found a basalt altar of Yredelemnul.
  3787 | D:4      | Reached skill level 6 in Maces & Flails
  3916 | D:4      | Found a staircase to the Ecumenical Temple.
  3959 | Temple   | Entered the Ecumenical Temple
  4259 | D:4      | Found a glowing golden altar of the Shining One.
  4501 | D:4      | Reached skill level 5 in Armour
  4618 | D:4      | Found a shimmering altar of Xom.
  4618 | D:4      | Found an iron altar of Okawaru.
  4747 | D:4      | Gained mutation: You are surrounded by a mild repulsion field (EV +2). [potion of mutation]
  4747 | D:4      | Gained mutation: You are occasionally teleported next to monsters. [potion of mutation]
  4747 | D:4      | Gained mutation: Your mind is acute. (Int +2) [potion of mutation]
  4749 | D:4      | Gained mutation: Your muscles are strong. (Str +2) [potion of mutation]
  4749 | D:4      | Gained mutation: You are covered in fur (AC +1). [potion of mutation]
  4753 | D:5      | Entered Level 5 of the Dungeon
  4786 | D:5      | Reached **** piety under Trog
  5005 | D:5      | Reached XP level 8. HP: 66/70 MP: 7/7
  5127 | D:5      | Reached skill level 7 in Maces & Flails
  5655 | D:6      | Noticed Eustachio
  5687 | D:6      | Killed Eustachio
  5687 | D:6      | Reached skill level 5 in Dodging
  5733 | D:6      | Noticed Blork the orc
  5747 | D:6      | Killed Blork the orc
  5784 | D:6      | Reached ***** piety under Trog
  5796 | D:6      | Reached XP level 9. HP: 44/79 MP: 8/8
  6021 | D:6      | Reached skill level 5 in Shields
  6025 | D:6      | Reached skill level 8 in Maces & Flails
  6629 | D:6      | Found a sacrificial altar of Ru.
  7942 | D:7      | Found a deep blue altar of Sif Muna.
  8022 | D:7      | Found a shadowy altar of Dithmenos.
  8083 | D:7      | Received a gift from Trog
  8486 | D:8      | Reached skill level 9 in Maces & Flails
  8870 | D:8      | Noticed Maurice
  8892 | D:8      | Killed Maurice
  8892 | D:8      | Reached XP level 10. HP: 60/90 MP: 9/9
  9164 | D:8      | Noticed Prince Ribbit
  9170 | D:8      | Killed Prince Ribbit
  9200 | D:8      | Gained mutation: Your spells are a little harder to cast, but a little more powerful. [potion of mutation]
  9200 | D:8      | Gained mutation: You have sharp toenails. [potion of mutation]
  9200 | D:8      | Lost mutation: Your mind is acute. (Int +2) [potion of mutation]
 10037 | D:9      | Found a blossoming altar of Fedhas.
 10432 | D:9      | Noticed Pikel
 10438 | D:9      | Killed Pikel
 10519 | D:9      | Reached skill level 10 in Maces & Flails
 10615 | D:9      | Reached skill level 10 in Fighting
 10817 | D:10     | Entered Level 10 of the Dungeon
 10897 | D:10     | Noticed Grum
 10905 | D:10     | Received a gift from Trog
 10918 | D:10     | Reached XP level 11. HP: 65/101 MP: 10/10
 10924 | D:10     | Killed Grum
 10937 | D:10     | Got a jewelled morningstar {god gift}
 10945 | D:10     | Identified the +6 morningstar "Neskeon" {elec, rC++} (Trog gifted it to you on level 10 of the Dungeon)
 11107 | D:10     | Noticed a hill giant
 11117 | D:10     | Killed a hill giant
 11606 | D:10     | You fall through a shaft for 2 floors!
 11631 | D:12     | Gained mutation: You occasionally shout uncontrollably at your foes. [mutagenic meat]
 11632 | D:12     | Gained mutation: You are robust (+10% HP). [mutagenic meat]
 11635 | D:12     | Gained mutation: Your magical capacity is low (-10% MP). [mutagenic meat]
 11636 | D:12     | Lost mutation: Your magical capacity is low (-10% MP). [potion of cure mutation]
 11636 | D:12     | Lost mutation: You are covered in fur (AC +1). [potion of cure mutation]
 11636 | D:12     | Lost mutation: Your spells are a little harder to cast, but a little more powerful. [potion of cure mutation]
 11636 | D:12     | Lost mutation: You are occasionally teleported next to monsters. [potion of cure mutation]
 11978 | D:12     | Found Jong's Antique Weapon Shop.
 12065 | D:12     | Reached skill level 11 in Fighting
 12500 | D:11     | Killed an unseen horror
 12910 | D:10     | Noticed Erica
 12920 | D:10     | Killed Erica
 12920 | D:10     | Reached skill level 10 in Armour
 12953 | D:10     | Noticed Flanowski's ghost (novice MiFi)
 12982 | D:10     | Killed Flanowski's ghost
 13611 | D:11     | Found a bloodstained altar of Trog.
 13744 | D:11     | Noticed a hill giant
 13752 | D:11     | Killed a hill giant
 14445 | D:11     | Reached skill level 12 in Fighting
 14562 | D:11     | Found a staircase to the Lair.
 15121 | D:12     | Reached XP level 12. HP: 83/124 MP: 11/11
 15365 | D:12     | Noticed a hill giant
 15369 | D:12     | Killed a hill giant
 15825 | D:13     | Found a flagged portal.
 15836 | D:13     | Noticed a hill giant
 15842 | D:13     | Killed a hill giant
 15858 | Bailey   | Entered a bailey
 15872 | Bailey   | Noticed an orc warlord
 15884 | Bailey   | Received a gift from Trog
 15928 | Bailey   | Found a runed gate.
 15945 | Bailey   | Found a runed gate.
 15952 | Bailey   | Found a runed gate.
 16029 | Bailey   | Killed an orc warlord
 16381 | D:13     | Noticed a centaur warrior
 16385 | D:13     | Killed a centaur warrior
 16385 | D:13     | Reached skill level 13 in Fighting
 16562 | D:13     | Noticed a catoblepas
 16572 | D:13     | Killed a catoblepas
 17184 | D:13     | Reached skill level 10 in Dodging
 17221 | D:13     | Reached XP level 13. HP: 127/135 MP: 12/12
 17548 | D:13     | Reached skill level 14 in Fighting
 18163 | D:14     | Reached XP level 14. HP: 145/145 MP: 13/13
 18166 | D:14     | Reached skill level 10 in Shields
 18166 | D:14     | Reached XP level 15. HP: 150/152 MP: 14/14
 18394 | D:14     | Found Qycukk's Antique Armour Shoppe.
 18456 | D:14     | Bought a runed shield for 189 gold pieces
 18456 | D:14     | Bought a pair of runed gloves for 189 gold pieces
 18496 | D:14     | Found a snail-covered altar of Cheibriados.
 18609 | D:14     | Found a shimmering altar of Xom.
 18832 | D:14     | Reached skill level 15 in Fighting
 19141 | D:15     | Entered Level 15 of the Dungeon
 19601 | D:15     | Found a stormy altar of Qazlal.
 19693 | D:15     | Received a gift from Trog
 19908 | D:15     | Found a snail-covered altar of Cheibriados.
 21057 | D:15     | Found a staircase to the Depths.
 21553 | Depths:1 | Entered Level 1 of the Depths
 22282 | Depths:1 | Paralysed by a great orb of eyes for 6 turns
 22987 | Depths:1 | Reached skill level 16 in Fighting
 22987 | Depths:1 | Reached XP level 16. HP: 150/166 MP: 15/15
 23014 | Depths:1 | Reached skill level 15 in Maces & Flails
 23590 | Depths:1 | Found a gateway to Hell.
 23669 | Depths:1 | Found a one-way gate leading to the halls of Pandemonium.
 24142 | Depths:1 | Noticed a sphinx
 24151 | Depths:1 | Killed a sphinx
 24318 | Depths:2 | Received a gift from Trog
 24318 | Depths:2 | Reached skill level 17 in Fighting
 24399 | Depths:2 | Found Vikkisom's Armour Emporium.
 24415 | Depths:2 | Identified a scroll of acquirement
 24421 | Depths:2 | Got a polished cloak
 24433 | Depths:2 | Identified the +2 cloak "Tyng" {Str+3} (You acquired it on level 2 of the Depths)
 24907 | Depths:2 | Cast into the Abyss (an ogre mage)
 24966 | Abyss:1  | Noticed a tentacled starspawn
 25167 | Abyss:1  | Found a corrupted altar of Lugonu.
 25329 | Abyss:1  | Paralysed by accursed screaming for 1 turns
 25340 | Abyss:1  | Found a corrupted altar of Lugonu.
 25359 | Abyss:1  | Found a blossoming altar of Fedhas.
 25374 | Abyss:1  | Noticed a tentacled starspawn
 25410 | Abyss:1  | Gained mutation: You are clumsy. (Dex -2) [a neqoxec]
 25484 | Abyss:1  | Noticed a tentacled starspawn
 25550 | Abyss:1  | Noticed a bone dragon
 25665 | Abyss:1  | Found a corrupted altar of Lugonu.
 25675 | Depths:2 | Escaped the Abyss
 26602 | Depths:2 | Noticed a lich
 26603 | Depths:2 | Noticed a caustic shrike
 26895 | Depths:2 | Reached XP level 17. HP: 107/179 MP: 16/16
 26910 | Depths:2 | Killed a lich
 26937 | Depths:2 | Killed a caustic shrike
 27442 | Depths:2 | Reached skill level 18 in Fighting
 27662 | Depths:3 | Reached skill level 15 in Armour
 28829 | Depths:3 | Found a one-way gate to the infinite horrors of the Abyss.
 29013 | Depths:3 | Found an iron altar of Okawaru.
 29013 | Depths:3 | Noticed Wiglaf
 29185 | Depths:3 | Received a gift from Trog
 29652 | Depths:3 | Killed Wiglaf
 29705 | Depths:3 | Got a heavily runed ring mail
 29759 | Depths:3 | Got a jewelled cloak
 29783 | Depths:3 | Identified the cursed +1 ring mail of the Lute {rC- MR- Int+9} (You found it on level 3 of the Depths)
 30154 | Depths:3 | Noticed a golden dragon
 30165 | Depths:3 | Killed a golden dragon
 30755 | Lair:1   | Entered Level 1 of the Lair of Beasts
 30932 | Lair:1   | Noticed Flanowski's ghost (journeyman MiFi)
 30950 | Lair:1   | Killed Flanowski's ghost
 31667 | Lair:2   | Identified the +0 cloak "Siptymia" {SInv} (You found it on level 3 of the Depths)
 32545 | Lair:3   | Noticed karlm's ghost (journeyman OgHu)
 32560 | Lair:3   | Killed karlm's ghost
 32583 | Lair:3   | Reached XP level 18. HP: 131/191 MP: 17/17
 32617 | Lair:3   | Reached skill level 19 in Fighting
 33450 | Lair:4   | Found a staircase to the Snake Pit.
 33762 | Lair:4   | Received a gift from Trog
 34251 | Snake:1  | Entered Level 1 of the Snake Pit
 35964 | Snake:2  | Found a frozen archway.
 35977 | Snake:2  | Received a gift from Trog
 35979 | Snake:2  | Noticed Vashnia
 35989 | IceCv    | Entered an ice cave
 36396 | IceCv    | Reached skill level 15 in Shields
 36469 | IceCv    | Got an amber-encrusted ice dragon armour
 36480 | IceCv    | Identified the cursed +1 ice dragon armour of Elitism {rF- rC++ Str+3} (You found it in an ice cave)
 36654 | Snake:2  | Killed Vashnia
 38110 | Snake:2  | Received a gift from Trog
 38395 | Snake:3  | Reached skill level 20 in Fighting
 38606 | Snake:3  | Found a runed door.
 38664 | Snake:3  | Reached XP level 19. HP: 183/203 MP: 18/18
 38771 | Snake:3  | Received a gift from Trog
 38822 | Snake:3  | Found a white marble altar of Elyvilon.
 39385 | Snake:4  | Entered Level 4 of the Snake Pit
 39414 | Snake:4  | Noticed Donald
 39427 | Snake:4  | Killed Donald
 39661 | Snake:4  | Noticed Aizul
 39676 | Snake:4  | Killed Aizul
 40643 | Snake:4  | Noticed Louise
 40659 | Snake:4  | Killed Louise
 40752 | Snake:4  | Received a gift from Trog
 41378 | Snake:4  | Reached skill level 21 in Fighting
 41742 | Snake:4  | Received a gift from Trog
 42382 | Snake:4  | Got a serpentine rune of Zot
 42888 | Lair:1   | You fall through a shaft!
 43061 | Lair:5   | Found a staircase to the Shoals.
 43852 | Shoals:1 | Entered Level 1 of the Shoals
 44138 | Shoals:1 | Reached XP level 20. HP: 189/217 MP: 19/19
 44575 | Shoals:2 | Found Cemyanism's Antique Armour Emporium.
 44603 | Shoals:2 | Found Utuyty's Gadget Shop.
 44638 | Shoals:2 | Bought a runed hat for 120 gold pieces
 44762 | Shoals:2 | Found Rureq's Weapon Shoppe.
 44803 | Shoals:2 | Found Fyuhogor's General Store.
 44815 | Shoals:2 | Bought a potion of cancellation for 136 gold pieces
 44815 | Shoals:2 | Bought a scroll of fear for 59 gold pieces
 44815 | Shoals:2 | Bought a scroll of identify for 34 gold pieces
 44884 | Shoals:2 | Received a gift from Trog
 45390 | Shoals:3 | Noticed Mara
 45403 | Shoals:3 | Killed Mara
 45685 | Shoals:3 | Found a sparkling altar of Nemelex Xobeh.
 46374 | Shoals:4 | Entered Level 4 of the Shoals
 46764 | Shoals:4 | Reached ****** piety under Trog
 46774 | Shoals:4 | Received a gift from Trog
 47083 | Shoals:4 | Got a barnacled rune of Zot
 47333 | Shoals:4 | Noticed Ilsuiw
 47391 | Shoals:4 | Killed Ilsuiw
 47391 | Shoals:4 | Reached skill level 15 in Dodging
 47561 | Shoals:4 | Reached skill level 22 in Fighting
 47758 | Shoals:4 | Found Rown's Assorted Antiques.
 47782 | Shoals:4 | Bought a scroll of enchant armour for 285 gold pieces
 48693 | Lair:6   | Found a staircase to the Slime Pits.
 48693 | Lair:6   | Found a viscous altar of Jiyva.
 48713 | Lair:6   | Received a gift from Trog
 49272 | Slime:1  | Entered Level 1 of the Pits of Slime
 49592 | Slime:1  | Gained mutation: Scrolls take you a little longer to read. [a shining eye]
 49593 | Slime:1  | Gained mutation: You are very clumsy. (Dex -4) [a shining eye]
 49594 | Slime:1  | Gained mutation: You are resistant to hostile enchantments. [a shining eye]
 49596 | Slime:1  | Gained mutation: Your flesh is heat resistant. [a shining eye]
 49681 | Slime:1  | Gained mutation: You are dopey. (Int -2) [a shining eye]
 50303 | Lair:7   | Received a gift from Trog
 50579 | Lair:7   | Reached XP level 21. HP: 225/229 MP: 20/20
 51025 | Lair:7   | Got a warped tin ring
 51033 | Lair:7   | Identified the ring "Ateysowu" {rElec rC+ MR+ Dex-5} (You found it on level 7 of the Lair of Beasts)
 51684 | Lair:8   | Entered Level 8 of the Lair of Beasts
 51914 | Lair:8   | Found a snail-covered altar of Cheibriados.
 52407 | Lair:8   | Received a gift from Trog
 52437 | Lair:8   | Found a burning altar of Makhleb.
 52512 | Lair:8   | Got a wavering graven amulet
 52517 | Lair:8   | Identified the amulet of Moxeyr {Regen+ Dex+3} (You found it on level 8 of the Lair of Beasts)
 52522 | Hell     | Entered the Vestibule of Hell
 52522 | Hell     | Noticed Geryon
 53432 | Lair:7   | You fall through a shaft!
 53748 | Slime:4  | Gained mutation: Your magical capacity is low (-10% MP). [a shining eye]
 53751 | Slime:4  | Gained mutation: Your spells are a little easier to cast, but a little less powerful. [a shining eye]
 53753 | Slime:4  | Gained mutation: Your spells are easier to cast, but less powerful. [a shining eye]
 53757 | Slime:4  | Received a gift from Trog
 54022 | Slime:5  | Reached skill level 23 in Fighting
 54156 | Slime:6  | Entered Level 6 of the Pits of Slime
 54230 | Slime:6  | Noticed the royal jelly
 54429 | Slime:6  | Noticed Wutend's ghost (adept MfGl)
 54444 | Slime:6  | Killed Wutend's ghost
 54483 | Slime:6  | Gained mutation: You sometimes yell uncontrollably at your foes. [a shining eye]
 54488 | Slime:6  | Gained mutation: Your magical capacity is very low (-20% MP). [a shining eye]
 54492 | Slime:6  | Lost intelligence.
 54492 | Slime:6  | Gained mutation: You are very dopey. (Int -4) [a shining eye]
 55050 | Slime:6  | Found a viscous altar of Jiyva.
 55088 | Slime:6  | Gained mutation: You tend to lose your temper in combat. [a shining eye]
 55092 | Slime:6  | Received a gift from Trog
 55223 | Slime:6  | Gained mutation: Your body sometimes deteriorates upon taking damage. [a shining eye]
 55225 | Slime:6  | Lost mutation: Your muscles are strong. (Str +2) [a shining eye]
 55229 | Slime:6  | Gained mutation: Your spells are much easier to cast, but much less powerful. [a shining eye]
 55234 | Slime:6  | Gained mutation: Scrolls take you longer to read. [a shining eye]
 55235 | Slime:6  | Gained mutation: You expend magic power (3 MP) to strengthen your wands. [a shining eye]
 55241 | Slime:6  | HP: 7/232 [the royal jelly (12)]
 55486 | Slime:6  | Gained mutation: You regenerate slowly when monsters are visible. [a shining eye]
 55552 | Slime:6  | HP: 10/232 [azure jelly[the royal jelly] (7)]
 55553 | Slime:6  | Slain by an acid blob

Action                   |  1- 3 |  4- 6 |  7- 9 | 10-12 | 13-15 | 16-18 | 19-21 || total
-------------------------+-------+-------+-------+-------+-------+-------+-------++-------
Melee: Mace              |    68 |   117 |   354 |   110 |    92 |       |       ||   741
       Whip              |       |       |       |    72 |       |       |       ||    72
       Morningstar       |       |       |       |   362 |   379 |  1454 |  1483 ||  3678
       Eveningstar       |       |       |       |       |       |       |   544 ||   544
Invok: Trog's Hand       |       |     1 |     1 |     4 |     3 |    16 |    13 ||    38
       Berserk           |       |     1 |     7 |    11 |     2 |     8 |     5 ||    34
       Burn Spellbooks   |       |       |     1 |     5 |       |     5 |     3 ||    14
       Brothers in Arms  |       |       |       |     1 |     1 |     1 |     4 ||     7
  Use: Scroll            |     6 |     5 |     5 |     9 |     8 |    26 |     9 ||    68
       Potion            |       |       |     7 |     7 |     6 |     6 |    13 ||    39
 Stab: Sleeping          |       |       |       |     1 |       |       |       ||     1
       Confused          |       |       |       |       |       |     1 |       ||     1
  Eat: Chunk             |     3 |     4 |    19 |    27 |    10 |    44 |    42 ||   149
       Fruit             |       |     2 |     9 |     1 |       |       |     9 ||    21
       Beef jerky        |       |       |       |     2 |       |     2 |     3 ||     7
       Bread ration      |       |       |       |     1 |     3 |     3 |       ||     7
       Meat ration       |       |       |       |     1 |       |       |       ||     1
       Royal jelly       |       |       |       |     2 |       |     1 |     5 ||     8
       Pizza             |       |       |       |       |     1 |       |       ||     1
